 Dungeon Crawl Stone Soup version 0.26-a0-652-gafc20e3620 (webtiles) character file.

Game seed: 11912530784010948318

18 looop the Conjurer (level 2, -1/17 HPs)
             Began as an Octopode Conjurer on Oct 3, 2020.
             Slain by a leopard gecko (3 damage)
             ... on level 1 of the Dungeon.
             The game lasted 00:00:40 (618 turns).

looop the Conjurer (Octopode Conjurer)               Turns: 618, Time: 00:00:41

Health: -1/17      AC:  1    Str:  6    XL:     2   Next: 70%
Magic:  2/5        EV: 13    Int: 20    God:
Gold:   69         SH:  0    Dex: 10    Spells: 2/5 levels left

rFire    . . .     SeeInvis .   a - +0 spear
rCold    . . .     Faith    .   (no shield)
rNeg     . . .     Spirit   .   (helmet restricted)
rPois    .         Reflect  .   (no amulet)
rElec    .         Harm     .   (no ring)
rCorr    .         Rampage  .   (no ring)
MR       .....                  (no ring)
Stlth    +++.......             (no ring)
HPRegen  0.05/turn              (no ring)
MPRegen  0.09/turn              (no ring)
                                (no ring)
                                (no ring)

@: no status effects
A: almost no armour, stealthy swim, amphibious, 8 rings, constrict 8, camouflage
1, gelatinous body 1
a: no special abilities


You were on level 1 of the Dungeon.
You visited 1 branch of the dungeon, and saw 1 of its levels.

You collected 69 gold pieces.

Inventory:

Hand Weapons
 a - a +0 spear (weapon)
Scrolls
 b - a scroll of identify {unknown}
 c - 3 scrolls of teleportation {unknown}
 d - 3 scrolls of enchant armour {unknown}


   Skills:
 - Level 2.0 Dodging
 - Level 2.6 Stealth
 + Level 2.3 Spellcasting
 * Level 4.5 Conjurations


You had 2 spell levels left.
You knew the following spells:

 Your Spells              Type           Power        Failure   Level
a - Magic Dart            Conj           ###.         2%          1
b - Searing Ray           Conj           ###...       3%          2

Your spell library contained the following spells:

 Spells                   Type           Power        Failure   Level
 Dazzling Flash           Conj/Hex       ##....       19%         3
 Fulminant Prism          Conj/Hex       ##........   52%         4
 Iskenderun's Mystic Bla  Conj/Tloc      ##......     52%         4


Dungeon Overview and Level Annotations

Branches:
Dungeon (1/15)

Altars:


Innate Abilities, Weirdness & Mutations

You cannot wear most types of armour.
You are very stealthy in the water. (Stealth+)
You are amphibious.
You can wear up to eight rings at the same time.
You can use your tentacles to constrict eight enemies at once.
Your skin changes colour to match your surroundings (Stealth+).
Your rubbery body absorbs attacks. (AC +1, EV +1)


Message History

You are too injured to fight recklessly!
You release your grip on the leopard gecko.
The leopard gecko bites you. The kobold misses you.
The leopard gecko barely misses you. The leopard gecko bites you.
* * * LOW HITPOINT WARNING * * *
Casting: Magic Dart (safe; 2% risk of failure)
Confirm with . or Enter, or press ? or * to list all spells.
Aiming: Searing Ray (safe; 3% risk of failure)
Press: ? - help, Shift-Dir - straight line, f/p - leopard gecko
Aim: a leopard gecko (heavily wounded)
The searing ray hits the leopard gecko.
You kill the leopard gecko!
The searing ray misses the leopard gecko.
The searing ray hits the leopard gecko.
You kill the leopard gecko! (Press . to maintain the ray.)
The searing ray misses the leopard gecko.
The leopard gecko bites you.
You die...

≈≈≈≈≈≈# #.# ≈≈≈≈≈≈≈
#.# ≈≈≈≈≈≈≈ ##.#
≈...... ###..#
....... ##....#
..#########..##.##
### #......†....# .#
#.........#.# .#
#.........#@# .#
#.........#l# .#
#........)#.# .#
#.........#K##
.#####.........#..###
....####..).........#
....# #[.....$.....#
....# #............#
....#
####+####........


You could see a leopard gecko and a kobold.

Vanquished Creatures
  A dart slug (D:1)
  2 leopard geckos (D:1)
  3 bats (D:1)
  A goblin (D:1)
  3 hobgoblins (D:1)
  2 frilled lizards (D:1)
  A kobold (D:1)
  A rat (D:1)
14 creatures vanquished.

Notes
Turn   | Place    | Note
-------+----------+-------------------------------------------
     0 | D:1      | looop the Octopode Conjurer began the quest for the Orb.
     0 | D:1      | Reached XP level 1. HP: 11/11 MP: 3/3
   485 | D:1      | Reached XP level 2. HP: 17/17 MP: 3/5
   511 | D:1      | Learned a level 2 spell: Searing Ray
   618 | D:1      | Slain by a leopard gecko

Illustrated notes

Levels and vault maps discovered:
D:1:      dpeg_arrival_water_fire, layout_basic

Action                   || total
-------------------------++-------
Melee: Spear             ||    26
       Unarmed           ||     4
       Constrict         ||     5
       Tentacles         ||     3
 Cast: Magic Dart        ||     6
       Searing Ray       ||     1
 Stab: Sleeping          ||     3
Armor: Skin              ||     1
Dodge: Dodged            ||    24

Table legend: (Time is in decaauts)
 A = Elapsed time spent in this place.
 B = Non-inter-level travel time spent in this place.
 C = Inter-level travel time spent in this place.
 D = Time resting spent in this place.
 E = Time spent auto-exploring this place.
 F = Levels seen in this place.
 G = Mean time per level.
                   A        B        C        D        E       F      G
               +--------+--------+--------+--------+--------+-----+--------+
         Total |    620 |    586 |     34 |      0 |    495 |   1 |  620.0 |
       Dungeon |    620 |    586 |     34 |      0 |    495 |   1 |  620.0 |
               +--------+--------+--------+--------+--------+-----+--------+

Top non-repeatable levels by time:
     D:1: 620 daAuts
